 Dungeon Crawl Stone Soup version 0.30.1-11-g7821555f0a (webtiles) character file.

Game seed: 9244871612460310476

246 BigBossMan the Trooper (level 6, -3/65 HPs)
             Began as an Ogre Fighter on Dec 21, 2023.
             Was an Initiate of Qazlal.
             Slain by an iguana (7 damage)
             ... on level 5 of the Dungeon.
             The game lasted 00:05:46 (2093 turns).

BigBossMan the Trooper (Ogre Fighter)               Turns: 2093, Time: 00:05:46

Health: -3/65      AC:  3    Str: 21    XL:     6   Next: 11%
Magic:  7/7        EV:  8    Int: 11    God:    Qazlal [......]
Gold:   146        SH:  7    Dex:  8    Spells: 7/7 levels left

rFire   . . .        a - +0 war axe
rCold   . . .        c - +0 kite shield
rNeg    . . .        b - +0 robe
rPois   .            (helmet restricted)
rElec   .            (no cloak)
rCorr   .            (gloves unavailable)
SInv    .            (boots unavailable)
Will    .....        (no amulet)
Stlth   +            (no ring)
HPRegen 0.30/turn    (no ring)
MPRegen 0.10/turn

%: no passive effects
@: no status effects
A: large, unfitting armour, tough skin 1
a: Renounce Religion


You were on level 5 of the Dungeon.
You worshipped Qazlal.
Qazlal was noncommittal.
You visited 1 branch of the dungeon, and saw 4 of its levels.

You collected 146 gold pieces.

Inventory:

Hand Weapons
 a - a +0 war axe (weapon)
Armour
 b - a +0 robe (worn)
 c - a +0 kite shield (worn)
Jewellery
 i - a ring of ice
Wands
 g - a wand of quicksilver (6)
Potions
 d - a potion of might
 e - a potion of haste {unknown}
 f - 3 potions of lignification {unknown}
 h - a potion of resistance {unknown}
 j - a potion of curing


   Skills:
 * Level 4.9 Fighting
 * Level 3.7 Axes
 * Level 1.1 Armour
 * Level 3.3 Dodging
 * Level 1.0 Stealth
 * Level 3.5 Shields
 * Level 1.1 Spellcasting
 * Level 0.8 Evocations


You had 7 spell levels left.
You didn't know any spells.
Your spell library contained the following spells:

 Spells                   Type           Power      Damage    Failure   Level
 Summon Small Mammal      Summ           0%         N/A       58%         1
 Call Canine Familiar     Summ           0%         N/A       92%         3
 Summon Guardian Golem    Hex/Summ       0%         N/A       92%         3


Dungeon Overview and Level Annotations

Branches:
Dungeon (3/15)

Altars:
Cheibriados
Fedhas
Qazlal


Innate Abilities, Weirdness & Mutations

You are too large for most types of armour.
You have tough skin. (AC +1)


Message History

Qazlal accepts your kill.
Your Stealth skill increases to level 1!
You have reached level 6!
You feel stronger.
You slash the orc!
You kill the orc!
Qazlal accepts your kill.
You closely miss the orc. The orc barely misses you.
The orc hits you with a +0 hand axe.
* * * LOW HITPOINT WARNING * * *
You hit the orc.
The orc is almost dead.
The orc hits you with a +0 hand axe.
* * * LOW HITPOINT WARNING * * *
You barely miss the orc.
The orc is almost dead.
The orc hits you with a +0 hand axe.
* * * LOW HITPOINT WARNING * * *
The orc hits you but does no damage.
You slash the orc!
You kill the orc!
Qazlal accepts your kill.
An iguana comes into view.
The iguana hisses angrily.
The iguana enters a dispersal trap!
You blink.
Found 12 gold pieces.
The iguana blinks!
You closely miss the iguana.
You hear the slow rusting of a very distant drain.
The iguana bites you but does no damage.
The iguana closely misses you.
You barely miss the iguana. You block the iguana's attack.
You slash the iguana!
The iguana is heavily wounded.
The iguana bites you!
* * * LOW HITPOINT WARNING * * *
The iguana completely misses you.
You hit the iguana.
The iguana is severely wounded.
The iguana bites you!
You die...

###### #####
......##)).###
#...#.#...##########
#..^###..#.......##
##@l..##........[..
##....####.####.##
##....# #.##.....
....# #.#......
....# #.#...... ...#
#....._.. .$.#
#.#......
..##..#......
#...##.....


You could see an iguana.

Vanquished Creatures
  A scorpion (D:5)
  A hound (D:5)
  2 orc priests (D:5)
  5 adders
  A dart slug (D:2)
  5 orcs
  2 endoplasms
  A giant cockroach (D:2)
  3 goblins (D:2)
  5 hobgoblins
  5 kobolds
  4 quokkas
  4 ball pythons
  2 bats
  4 frilled lizards
  4 rats
49 creatures vanquished.

Vanquished Creatures (collateral kills)
  A goblin (D:2)
1 creature vanquished.

Grand Total: 50 creatures vanquished

Notes
Turn   | Place    | Note
-------+----------+-------------------------------------------
     0 | D:1      | BigBossMan the Ogre Fighter began the quest for the Orb.
     0 | D:1      | Reached XP level 1. HP: 24/24 MP: 1/1
   172 | D:1      | Reached XP level 2. HP: 30/32 MP: 2/2
   418 | D:2      | Reached XP level 3. HP: 37/39 MP: 3/3
   640 | D:3      | Found a blossoming altar of Fedhas.
   698 | D:3      | Found a stormy altar of Qazlal.
   709 | D:3      | Became a worshipper of Qazlal Stormbringer
  1015 | D:3      | Reached XP level 4. HP: 44/49 MP: 4/4
  2000 | D:3      | You fall into a shaft and drop 2 floors!
  2000 | D:5      | Entered Level 5 of the Dungeon
  2006 | D:5      | Reached XP level 5. HP: 55/55 MP: 5/5
  2023 | D:5      | Found a snail-covered altar of Cheibriados.
  2039 | D:5      | Reached skill level 1 in Armour
  2079 | D:5      | Reached skill level 1 in Spellcasting
  2082 | D:5      | Reached skill level 1 in Stealth
  2082 | D:5      | Reached XP level 6. HP: 17/65 MP: 7/7
  2093 | D:5      | Slain by an iguana

Illustrated notes

Levels and vault maps discovered:
D:1:      tarquinn_simple_flora_water_d, layout_loops_cross
D:2:      layout_rooms, feat_on_display
D:3:      layout_basic, fedhas_altar_3, nicolae_qazlal_scattered_showers
D:5:      layout_loops_ring, old_standard_altar, portal_sewer_entry_e,
          nzn_random_ring, uniq_sigmund

Skill      XL: |  1  2  3  4  5 |
---------------+----------------+-----
Dodging        | 3 |  3.3
Axes           | 3 |  3.7
Armour         | 1 |  1.1
Spellcasting   | 1 |  1.1
Stealth        | 1 |  1.0
Fighting       | |  4.9
Shields        | |  3.5
Evocations     | |  0.8

Action                     |  1- 3 |  4- 6 || total
---------------------------+-------+-------++-------
  Melee: War axe           |    75 |    81 ||   156
  Evoke: Wand              |       |     3 ||     3
    Use: Scroll            |     3 |     3 ||     6
         Potion            |       |     1 ||     1
 Armour: Robe              |    26 |    26 ||    52
  Dodge: Dodged            |    36 |    49 ||    85
  Block: Kite shield       |    39 |    32 ||    71
